PCL
DISTRICT 9 PRAWNS @ VANCOUVER VIPERS
09/11/2028
 
TOP OF THE 1ST
District 9 Prawns batting - Pitching for Vancouver Vipers : RHP Tom Wallace
Pitching: RHP Tom Wallace
Batting: SHB José Estreito 0-0: Foul Ball, location: 2F
0-1: Ball
1-1: Ball
2-1: Swinging Strike
2-2: Foul Ball, location: 2F
2-2: Foul Ball, location: 2F
2-2: Ball
3-2: Strikes out swinging
Batting: RHB José Colón 0-0: Fly out, F7 (Flyball, 7)
Batting: LHB Mike Davis 0-0: DOUBLE (Line Drive, 7LM)
Batting: LHB Leonard Young 0-0: Swinging Strike
0-1: Called Strike
0-2: Strikes out swinging
Top of the 1st over - 0 run(s), 1 hit(s), 0 error(s), 1 left on base; District 9 0 - Vancouver 0
BOTTOM OF THE 1ST
Vancouver Vipers batting - Pitching for District 9 Prawns : RHP Fernando Mendoza
Pitching: RHP Fernando Mendoza
Batting: RHB Quincy Vance 0-0: Called Strike
0-1: Ground out 5-3 (Groundball, 56)
Batting: RHB David Canseco 0-0: Ball
1-0: Ball
2-0: Called Strike
2-1: Ground out 6-3 (Groundball, 6)
Batting: LHB Mike Williams 0-0: Called Strike
0-1: Called Strike
0-2: Foul Ball, location: 2F
0-2: Ball
1-2: Ball
2-2: Ground out 4-3 (Groundball, 4)
Bottom of the 1st over - 0 run(s), 0 hit(s), 0 error(s), 0 left on base; District 9 0 - Vancouver 0
TOP OF THE 2ND
District 9 Prawns batting - Pitching for Vancouver Vipers : RHP Tom Wallace
Batting: RHB Reynold Akker 0-0: Ball
1-0: Ball
2-0: Foul Ball, location: 2F
2-1: Called Strike
2-2: Ball
3-2: Fly out, F9 (Flyball, 89M)
Batting: RHB Gil Palmer 0-0: Ball
1-0: Called Strike
1-1: Called Strike
1-2: Ball
2-2: Foul Ball, location: 2F
2-2: Ball
3-2: Strikes out swinging
Batting: RHB Edgardo Carrasco 0-0: Ball
1-0: Foul Ball, location: 2F
1-1: Foul Ball, location: 2F
1-2: Foul Ball, location: 2F
1-2: Ball
2-2: Ball
3-2: Strikes out swinging
Top of the 2nd over - 0 run(s), 0 hit(s), 0 error(s), 0 left on base; District 9 0 - Vancouver 0
BOTTOM OF THE 2ND
Vancouver Vipers batting - Pitching for District 9 Prawns : RHP Fernando Mendoza
Batting: LHB Nick English 0-0: Foul Ball, location: 2F
0-1: Fly out, F9 (Line Drive, 9)
Batting: RHB Marvin Workman 0-0: Ball
1-0: Ball
2-0: Ball
3-0: Called Strike
3-1: DOUBLE (Flyball, 89D)
Batting: LHB Stan Bates 0-0: Ball
1-0: Ball
2-0: Ball
3-0: Base on Balls
Batting: RHB Ryan Parrish 0-0: Called Strike
0-1: Fly out, F7 (Flyball, 7S)
Batting: RHB Salvador Medine 0-0: Ball
1-0: SINGLE (Groundball, 56S) (infield hit)
Marvin Workman to third
Stan Bates to second
Batting: RHB Axel Guimont 0-0: Ball
1-0: Ball
2-0: Ball
3-0: Base on Balls
Marvin Workman scores
Stan Bates to third
Salvador Medine to second
Batting: RHB Quincy Vance 0-0: Ball
1-0: Ball
2-0: Called Strike
2-1: Ball
3-1: Foul Ball, location: 2F
3-2: Reached on error, E8 (Line Drive, 8RM)
Stan Bates scores
Salvador Medine scores
Axel Guimont to third
Batting: RHB David Canseco 0-0: Ball
1-0: Foul Ball, location: 2F
1-1: Foul Ball, location: 2F
1-2: Fly out, F6 (Popup, 4M)
Bottom of the 2nd over - 3 run(s), 2 hit(s), 1 error(s), 2 left on base; District 9 0 - Vancouver 3
TOP OF THE 3RD
District 9 Prawns batting - Pitching for Vancouver Vipers : RHP Tom Wallace
Batting: LHB Donnie Cunningham 0-0: Hit by Pitch
Batting: RHB Jim Edgar 0-0: Ball
1-0: Ball
2-0: Foul Ball, location: 2F
2-1: Ball
3-1: Foul Ball, location: 2F
3-2: Foul Ball, location: 2F
3-2: Base on Balls
Donnie Cunningham to second
Batting: SHB José Estreito 0-0: Ball
1-0: Called Strike
1-1: Foul Ball, location: 2F
1-2: Ball
2-2: Ball
3-2: Foul Ball, location: 2F
3-2: Reached on error, E5 (Groundball, 5S)
Donnie Cunningham scores
Jim Edgar to third
Batting: RHB José Colón 0-0: Ball
1-0: Foul Ball, location: 2F
1-1: Ball
2-1: Swinging Strike
2-2: Foul Ball, location: 2F
2-2: Reached on error, E5 (Groundball, 56)
Jim Edgar scores
José Estreito to third
Batting: LHB Mike Davis 0-0: SINGLE (Groundball, 56) (infield hit)
José Estreito scores
José Colón to second
Batting: LHB Leonard Young 0-0: Ball
1-0: SINGLE (Line Drive, 34D)
José Colón to third
Mike Davis to second
Batting: RHB Reynold Akker 0-0: Ball
1-0: Called Strike
1-1: Called Strike
1-2: Ball
2-2: Strikes out swinging
Batting: RHB Gil Palmer 0-0: Ball
1-0: Ball
2-0: Called Strike
2-1: Called Strike
2-2: SINGLE (Line Drive, 9S)
José Colón scores
Mike Davis to third
Leonard Young to second
Batting: RHB Edgardo Carrasco 0-0: Grounds into fielders choice 1-2 (Groundball, P)
Leonard Young to third
Gil Palmer to second
Batting: LHB Donnie Cunningham 0-0: Ball
1-0: SINGLE (Line Drive, 56)
Leonard Young scores
Gil Palmer to third
Edgardo Carrasco to second
Runner from 3rd tries for Home, SAFE, no throw
Pitching: RHP Sergio Romo
Batting: RHB Jim Edgar 0-0: Foul Ball, location: 2F
0-1: Foul Ball, location: 2F
0-2: Ball
1-2: Foul Ball, location: 2F
1-2: Strikes out swinging
Top of the 3rd over - 6 run(s), 4 hit(s), 2 error(s), 2 left on base; District 9 6 - Vancouver 3
BOTTOM OF THE 3RD
Vancouver Vipers batting - Pitching for District 9 Prawns : RHP Fernando Mendoza
Batting: LHB Mike Williams 0-0: Ball
1-0: Ball
2-0: Foul Ball, location: 2F
2-1: Ball
3-1: Base on Balls
Batting: LHB Nick English 0-0: Ball
Mike Williams is caught stealing 2nd base
1-0: SINGLE (Line Drive, 9S)
Batting: RHB Marvin Workman 0-0: Ball
1-0: Called Strike
1-1: Swinging Strike
1-2: Ball
Passed Ball!
Nick English to second
2-2: Ball
3-2: Fly out, F8 (Line Drive, 8RM)
Batting: LHB Stan Bates 0-0: Ball
1-0: Called Strike
1-1: Ball
2-1: Swinging Strike
2-2: Foul Ball, location: 2F
2-2: Foul Ball, location: 2F
2-2: Foul Ball, location: 2F
2-2: Strikes out swinging
Bottom of the 3rd over - 0 run(s), 1 hit(s), 0 error(s), 1 left on base; District 9 6 - Vancouver 3
TOP OF THE 4TH
District 9 Prawns batting - Pitching for Vancouver Vipers : RHP Sergio Romo
Batting: SHB José Estreito 0-0: Called Strike
0-1: Foul Ball, location: 2F
0-2: Ball
1-2: Foul Ball, location: 2F
1-2: SINGLE (Groundball, 4MD)
Batting: RHB José Colón 0-0: Called Strike
0-1: Called Strike
0-2: Ball
1-2: Ball
2-2: Ball
José Estreito steals 2nd base
3-2: Base on Balls
Batting: LHB Mike Davis 0-0: Called Strike
0-1: Foul Ball, location: 2F
0-2: Ball
1-2: Ball
2-2: Strikes out swinging
Batting: LHB Leonard Young 0-0: Fielders Choice at 2nd, 4-6 (Groundball, 4)
José Estreito to third
Batting: RHB Reynold Akker 0-0: Foul Ball, location: 2F
0-1: Ball
1-1: Ball
2-1: Swinging Strike
2-2: Ball
3-2: Ground out 6-3 (Groundball, 6)
Top of the 4th over - 0 run(s), 1 hit(s), 0 error(s), 2 left on base; District 9 6 - Vancouver 3
BOTTOM OF THE 4TH
Vancouver Vipers batting - Pitching for District 9 Prawns : RHP Fernando Mendoza
Batting: RHB Ryan Parrish 0-0: Ball
1-0: SINGLE (Groundball, 6MD)
Batting: RHB Salvador Medine 0-0: Called Strike
0-1: Ball
1-1: Grounds into double play, 1-4-3 (Groundball, 15)
Batting: RHB Axel Guimont 0-0: Called Strike
0-1: Ball
1-1: Ground out 5-3 (Groundball, 56)
Bottom of the 4th over - 0 run(s), 1 hit(s), 0 error(s), 0 left on base; District 9 6 - Vancouver 3
TOP OF THE 5TH
District 9 Prawns batting - Pitching for Vancouver Vipers : RHP Sergio Romo
Batting: RHB Gil Palmer 0-0: Swinging Strike
0-1: Ball
1-1: Called Strike
1-2: Foul Ball, location: 2F
1-2: Strikes out swinging
Batting: RHB Edgardo Carrasco 0-0: Ball
1-0: Foul Ball, location: 2F
1-1: Ball
2-1: Fly out, F7 (Flyball, 7LSF)
Batting: LHB Donnie Cunningham 0-0: Called Strike
0-1: Ball
1-1: Foul Ball, location: 2F
1-2: Hit by Pitch
Batting: RHB Jim Edgar 0-0: Ball
1-0: Fielders Choice at 2nd, 4-6 (Groundball, 4)
Top of the 5th over - 0 run(s), 0 hit(s), 0 error(s), 0 left on base; District 9 6 - Vancouver 3
BOTTOM OF THE 5TH
Vancouver Vipers batting - Pitching for District 9 Prawns : RHP Fernando Mendoza
Batting: RHB Quincy Vance 0-0: Ball
1-0: SINGLE (Line Drive, 89S)
Batting: RHB David Canseco 0-0: Ball
1-0: Reached on error, E6 (Groundball, 6)
Quincy Vance to second
Batting: LHB Mike Williams 0-0: Called Strike
0-1: Grounds into double play, 4-6-3 (Groundball, 4)
Quincy Vance to third
Batting: LHB Nick English 0-0: SINGLE (Line Drive, 56D)
Quincy Vance scores
Batting: RHB Marvin Workman 0-0: Ball
1-0: Swinging Strike
1-1: Ball
2-1: Fielders Choice at 2nd, 5-4 (Groundball, 56)
Bottom of the 5th over - 1 run(s), 2 hit(s), 1 error(s), 0 left on base; District 9 6 - Vancouver 4
TOP OF THE 6TH
District 9 Prawns batting - Pitching for Vancouver Vipers : RHP Sergio Romo
Batting: SHB José Estreito 0-0: SINGLE (Line Drive, 89S)
Batting: RHB José Colón 0-0: Ball
1-0: Ball
José Estreito steals 2nd base
2-0: Foul Ball, location: 2F
2-1: SINGLE (Groundball, 56D)
José Estreito to third
Runner from 3rd tries for Home, SAFE, no throw
Pitching: RHP Pedro Días
Batting: LHB Mike Davis 0-0: Called Strike
0-1: Called Strike
0-2: Ball
1-2: Strikes out looking
Batting: LHB Leonard Young 0-0: Ball
1-0: DOUBLE (Flyball, 9LM)
José Colón to third
Batting: RHB Reynold Akker 0-0: Ball
1-0: Ball
2-0: Ball
3-0: Called Strike
3-1: Called Strike
3-2: Base on Balls
Batting: RHB Gil Palmer 0-0: Fly out, F8 (Flyball, 8LS)
Batting: RHB Edgardo Carrasco 0-0: Called Strike
0-1: Ball
1-1: Ball
2-1: Fly out, F8 (Flyball, 8RM)
Top of the 6th over - 1 run(s), 3 hit(s), 0 error(s), 3 left on base; District 9 7 - Vancouver 4
BOTTOM OF THE 6TH
Vancouver Vipers batting - Pitching for District 9 Prawns : RHP Fernando Mendoza
Batting: LHB Stan Bates 0-0: Ball
1-0: Called Strike
1-1: Ball
2-1: Called Strike
2-2: Foul Ball, location: 2F
2-2: Ground out 6-3 (Groundball, 6)
Batting: RHB Ryan Parrish 0-0: Called Strike
0-1: Foul Ball, location: 2F
0-2: Strikes out swinging
Batting: RHB Salvador Medine 0-0: Ball
1-0: Ball
2-0: Called Strike
2-1: Fly out, F8 (Flyball, 8RM)
Bottom of the 6th over - 0 run(s), 0 hit(s), 0 error(s), 0 left on base; District 9 7 - Vancouver 4
TOP OF THE 7TH
District 9 Prawns batting - Pitching for Vancouver Vipers : RHP Pedro Días
Batting: LHB Donnie Cunningham 0-0: Foul Ball, location: 2F
0-1: Foul Ball, location: 2F
0-2: Ball
1-2: Strikes out swinging
Batting: RHB Jim Edgar 0-0: Ball
1-0: Called Strike
1-1: Called Strike
1-2: Ball
2-2: SINGLE (Groundball, 5D)
Batting: SHB José Estreito 0-0: Ball
Jim Edgar steals 2nd base
1-0: Ball
2-0: Ball
3-0: Called Strike
3-1: Foul Ball, location: 2F
3-2: Foul Ball, location: 2F
3-2: Base on Balls
Batting: RHB José Colón 0-0: Called Strike
0-1: Foul Ball, location: 2F
0-2: SINGLE (Groundball, 56S) (infield hit)
Jim Edgar to third
José Estreito to second
Batting: LHB Mike Davis 0-0: Ball
1-0: Foul Ball, location: 2F
1-1: Foul Ball, location: 2F
1-2: Grounds into fielders choice 3-2 (Groundball, 34)
José Estreito to third
José Colón to second
Batting: LHB Leonard Young 0-0: Foul Ball, location: 2F
0-1: Ball
1-1: Swinging Strike
1-2: Strikes out looking
Top of the 7th over - 0 run(s), 2 hit(s), 0 error(s), 3 left on base; District 9 7 - Vancouver 4
BOTTOM OF THE 7TH
Vancouver Vipers batting - Pitching for District 9 Prawns : RHP Fernando Mendoza
Pitching: RHP Larry Johnston
Batting: RHB Axel Guimont 0-0: Swinging Strike
0-1: Ball
1-1: Called Strike
1-2: Ball
2-2: Strikes out swinging
Batting: RHB Quincy Vance 0-0: Ball
1-0: Foul Ball, location: 2F
1-1: Called Strike
1-2: Strikes out swinging
Batting: RHB David Canseco 0-0: Ball
1-0: Foul Ball, location: 2F
1-1: Foul Ball, location: 2F
1-2: Ball
2-2: Foul Ball, location: 2F
2-2: Ball
3-2: DOUBLE (Line Drive, 9LM)
Batting: LHB Mike Williams 0-0: Called Strike
0-1: Ball
1-1: Ball
2-1: Called Strike
2-2: Ball
3-2: Base on Balls
Pitching: LHP Ricardo Vega
Batting: LHB Nick English 0-0: Foul Ball, location: 2F
0-1: Swinging Strike
0-2: Strikes out looking
Bottom of the 7th over - 0 run(s), 1 hit(s), 0 error(s), 2 left on base; District 9 7 - Vancouver 4
TOP OF THE 8TH
District 9 Prawns batting - Pitching for Vancouver Vipers : RHP Pedro Días
Batting: RHB Reynold Akker 0-0: Fly out, F8 (Flyball, 8RS)
Batting: RHB Gil Palmer 0-0: Called Strike
0-1: Swinging Strike
0-2: Foul Ball, location: 2F
0-2: Ball
1-2: Ball
2-2: Ball
3-2: SOLO HOME RUN (Flyball, 8LXD), Distance : 433 ft
Pitching: RHP Bob Martin
Batting: RHB Edgardo Carrasco 0-0: Ball
1-0: Foul Ball, location: 2F
1-1: Ball
2-1: Ball
3-1: Base on Balls
Batting: LHB Donnie Cunningham 0-0: Ball
1-0: SINGLE (Groundball, 6MD)
Edgardo Carrasco to second
Batting: RHB Jim Edgar 0-0: Swinging Strike
0-1: SINGLE (Flyball, 89S)
Edgardo Carrasco to third
Donnie Cunningham to second
Runner from 3rd tries for Home, SAFE, throw made home
Donnie Cunningham to third
Jim Edgar to second
Batting: SHB José Estreito 0-0: Ball
1-0: Foul Ball, location: 2F
1-1: Foul Ball, location: 2F
1-2: Foul Ball, location: 2F
1-2: Ball
2-2: Ball
3-2: SINGLE (Groundball, 3) (infield hit)
Donnie Cunningham scores
Jim Edgar to third
Batting: RHB José Colón 0-0: Ball
1-0: Foul Ball, location: 2F
1-1: Ball
2-1: Foul Ball, location: 2F
2-2: Strikes out swinging
Batting: LHB Mike Davis 0-0: Called Strike
0-1: Ball
1-1: Called Strike
1-2: Ball
2-2: Foul Ball, location: 2F
2-2: Ball
3-2: Base on Balls
José Estreito to second
Batting: LHB Leonard Young 0-0: Called Strike
0-1: Called Strike
0-2: Ball
1-2: Fly out, F8 (Flyball, 8RM)
Top of the 8th over - 3 run(s), 4 hit(s), 0 error(s), 3 left on base; District 9 10 - Vancouver 4
BOTTOM OF THE 8TH
Vancouver Vipers batting - Pitching for District 9 Prawns : LHP Ricardo Vega
Batting: RHB Marvin Workman 0-0: Fly out, F9 (Flyball, 9)
Pitching: LHP Ben Johnson
Batting: LHB Stan Bates 0-0: Foul Ball, location: 2F
0-1: Called Strike
0-2: Foul Ball, location: 2F
0-2: Ball
1-2: Strikes out swinging
Batting: RHB Ryan Parrish 0-0: Fly out, F8 (Flyball, 8LD)
Bottom of the 8th over - 0 run(s), 0 hit(s), 0 error(s), 0 left on base; District 9 10 - Vancouver 4
TOP OF THE 9TH
District 9 Prawns batting - Pitching for Vancouver Vipers : RHP Bob Martin
Batting: RHB Reynold Akker 0-0: Called Strike
0-1: Foul Ball, location: 2F
0-2: Fly out, F9 (Flyball, 9S)
Batting: RHB Gil Palmer 0-0: Called Strike
0-1: Called Strike
0-2: Ball
1-2: Ball
2-2: SOLO HOME RUN (Flyball, 78XD), Distance : 417 ft
Pitching: RHP António Ojeda
Batting: RHB Edgardo Carrasco 0-0: Foul Ball, location: 2F
0-1: Foul Ball, location: 2F
0-2: Reached on error, E6 (Groundball, 6)
Batting: LHB Donnie Cunningham 0-0: Called Strike
0-1: Foul Ball, location: 2F
0-2: Ball
1-2: Strikes out swinging
Batting: RHB Jim Edgar 0-0: Called Strike
0-1: Called Strike
0-2: Ball
1-2: Foul Ball, location: 2F
1-2: Ball
2-2: Fly out, F9 (Flyball, 9S)
Top of the 9th over - 1 run(s), 1 hit(s), 1 error(s), 1 left on base; District 9 11 - Vancouver 4
BOTTOM OF THE 9TH
Vancouver Vipers batting - Pitching for District 9 Prawns : LHP Ben Johnson
Batting: RHB Salvador Medine 0-0: Fly out, F9 (Flyball, 9)
Batting: RHB Axel Guimont 0-0: Ball
1-0: Called Strike
1-1: Ball
2-1: Ball
3-1: Fly out, F9 (Line Drive, 9)
Batting: RHB Quincy Vance 0-0: SINGLE (Groundball, 34D)
Batting: RHB David Canseco 0-0: Swinging Strike
0-1: Called Strike
0-2: Fly out, F9 (Flyball, 9)
Bottom of the 9th over - 0 run(s), 1 hit(s), 0 error(s), 1 left on base; District 9 11 - Vancouver 4
Tuesday, August 8th, 2017 - OOTP Baseball 17.12 Build 75